 Dungeon Crawl Stone Soup version 0.13-a0-3104-gb5885e9 (webtiles) character file.

91 Malachi the Magician (level 2, -2/17 HPs)
             Began as a Mummy Wizard on Sept 19, 2013.
             Slain by a gnoll
             ... wielding a +0,+0 halberd
              (19 damage)
             ... on Level 1 of the Dungeon.
             The game lasted 00:01:32 (1713 turns).

Malachi the Magician (Mummy Wizard)                 Turns: 1713, Time: 00:01:32

HP  -2/17        AC  2     Str 10      XL: 2   Next: 93%
MP   5/7         EV 12     Int 17      God:
Gold 64          SH  0     Dex 10      Spells:  1 memorised,  7 levels left

Res.Fire  : x . .   See Invis. : .   f - +0 elf short sword
Res.Cold  : + . .   Warding    : .   a - +0 robe
Life Prot.: + + +   Conserve   : .   (no shield)
Res.Poison: +       Res.Corr.  : .   b - +0 wizard hat
Res.Elec. : .       Clarity    : .   (no cloak)
Sust.Abil.: . .     Spirit.Shd : .   (no gloves)
Res.Mut.  : .       Stasis     : .   (no boots)
Res.Rott. : +       Flight     : .   (no amulet)
Saprovore : . . .                    (no ring)
                                     (no ring)

@: slightly resistant to hostile enchantments, unstealthy
A: no food or potions, fire vulnerability, restore body, cold resistance 1, life
protection 3, poison resistance, torment resistance, unbreathing
a: no special abilities


You were on level 1 of the Dungeon.
You were not hungry.

You visited 1 branch of the dungeon, and saw 1 of its levels.

You collected 44 gold pieces.

Inventory:

Hand weapons
 f - a +0,+0 elven short sword (weapon)
Armour
 a - a +0 robe (worn)
 b - a +0 wizard hat (worn)
Scrolls
 d - 2 scrolls of identify {unknown}
 e - a scroll of curse armour {unknown}
Books
 c - a book of Minor Magic

   Spells                             Type                      Level
   *Magic Dart                        Conjuration                  1
   Blink                              Translocation                2
   Call Imp                           Summoning                    2
   Repel Missiles                     Charms/Air                   2
   Slow                               Hexes                        2
   Conjure Flame                      Conjuration/Fire             3
   Mephitic Cloud                     Conjuration/Poison/Air       3


   Skills:
 + Level 1.7 Dodging
 + Level 1.7 Stealth
 + Level 3.6 Spellcasting
 + Level 1.0 Conjurations
   Level 0.7 Summonings
   Level 0.7 Translocations


You had 7 spell levels left.
You knew the following spells:

 Your Spells              Type           Power        Failure   Level  Hunger
a - Magic Dart            Conj           #...         14%         1    N/A

Dungeon Overview and Level Annotations

Branches:
Dungeon (1/27)

Altars:


Innate Abilities, Weirdness & Mutations

You do not eat or drink.
Your flesh is vulnerable to fire.
Your flesh is cold resistant.
You are immune to negative energy.
Your system is resistant to poisons.
You are immune to unholy pain and torment.
You can survive without breathing.


Message History

Unknown command.
Casting: Magic Dart
Confirm with . or Enter, or press ? or * to list all spells.
You can't see any susceptible monsters within range! (Use Z to cast anyway.) Unknown command.
Casting: Magic Dart
Confirm with . or Enter, or press ? or * to list all spells.
You can't see any susceptible monsters within range! (Use Z to cast anyway.)
A gnoll comes into view. It is wielding a halberd.
The gnoll shouts!
Casting: Magic Dart
Confirm with . or Enter, or press ? or * to list all spells.
Aiming: Magic Dart
Press: ? - help, Shift-Dir - straight line, f/p - hobgoblin
Aim: a hobgoblin (moderately wounded)
The magic dart hits the gnoll.
The gnoll is lightly wounded.
The gnoll hits you from afar with a halberd!
Ouch! That really hurt!
You die...

.##............##.....#
#....#
#............##.....#
###### ......##.....
....... .....# .....
...#### ... ..... ..
##..##.### ..##........
#.#.....#.##.###. .#
#.. #.@.g...... .# ...
#.##g....## .# #.###.#
....# .# #.....# ....
.# ###'### ..# .#
##...## . .####
##.....##
.##.######.......#
........#%........#


You could see a gnoll and a hobgoblin.

Vanquished Creatures
  An adder (D:1)
  An ooze (D:1)
  4 goblins (D:1)
  A hobgoblin (D:1)
  2 jackals (D:1)
  5 kobolds (D:1)
  A bat (D:1)
  A giant cockroach (D:1)
16 creatures vanquished.

Notes
Turn   | Place    | Note
--------------------------------------------------------------
     0 | D:1      | Malachi, the Mummy Wizard, began the quest for the Orb.
     0 | D:1      | Reached XP level 1. HP: 11/11 MP: 5/5
   738 | D:1      | Reached XP level 2. HP: 9/17 MP: 0/7
  1284 | D:1      | Reached skill level 1 in Conjurations
  1713 | D:1      | Slain by a gnoll

Action                   || total
-------------------------++-------
Melee: Short sword       ||    15
 Cast: Magic Dart        ||    51
